 Dungeon Crawl Stone Soup version 0.21-a0-88-g13b9641 (webtiles) character file.

39 sagitran the Chiller (level 3, 0/30 HPs)
             Began as a Gnoll Wanderer on June 27, 2017.
             Slain by a ball python (2 damage)
             ... on level 1 of the Dungeon.
             The game lasted 00:08:22 (1274 turns).

sagitran the Chiller (Gnoll Wanderer)               Turns: 1274, Time: 00:08:23

Health: 0/30       AC: 10    Str:  9    XL:     3   Next: 45%
Magic:  3/3        EV:  4    Int: 17    God:
Gold:   82         SH:  0    Dex: 11    Spells: 2/2 levels left

rFire    . . .     SeeInvis .   j - +0 dagger (curse)
rCold    . . .     Gourm    .   (no shield)
rNeg     . . .     Faith    .   g - +0 chain mail
rPois    .         Spirit   .   (no helmet)
rElec    .         Reflect  .   l - +0 cloak
rCorr    .         Harm     .   (no gloves)
MR       .....                  (no boots)
Stlth    ..........             (no amulet)
HPRegen  0.10/turn              (no ring)
MPRegen  0.08/turn              (no ring)

@: no status effects
A: short attention span, fangs 1, strong nose
a: no special abilities


You were on level 1 of the Dungeon.
You were not hungry.

You visited 1 branch of the dungeon, and saw 2 of its levels.

You collected 82 gold pieces.

Inventory:

Hand Weapons
 a - a +2 hand crossbow
 c - a +0 mace
 i - a +0 spear
 j - a cursed +0 dagger (weapon)
Missiles
 b - 24 bolts
Armour
 g - a +0 chain mail (worn)
 l - a +0 cloak (worn)
Scrolls
 h - 3 scrolls of enchant weapon
 n - a scroll of teleportation
Books
 m - a book of Minor Magic

   Spells                             Type                      Level
   a - Magic Dart                     Conjuration                  1
   b - Blink                          Translocation                2
   c - Call Imp                       Summoning                    2
   d - Slow                           Hexes                        2
   e - Conjure Flame                  Conjuration/Fire             3
   f - Mephitic Cloud                 Conjuration/Poison/Air       3
Comestibles
 f - a bread ration
 k - 3 fruits


   Skills:
 + Level 4.0 Fighting
 + Level 1.4 Short Blades
 + Level 2.4 Crossbows
 + Level 2.2 Throwing
 + Level 4.3 Armour
 + Level 0.9 Dodging
 + Level 0.4 Stealth
   Level 1.7 Shields
   Level 4.8 Ice Magic


You had 2 spell levels left.
You didn't know any spells.

Dungeon Overview and Level Annotations

Branches:
Dungeon (2/15)

Altars:


Innate Abilities, Weirdness & Mutations

You have a short attention span.
You have very sharp teeth.
Your uncanny sense of smell can sniff out nearby items.


Message History

There is a stone staircase leading down here.
The ball python bites you but does no damage.
The ball python barely misses you. The leopard gecko bites you.
* * * LOW HITPOINT WARNING * * *
You miss the leopard gecko.
The leopard gecko is moderately wounded.
The ball python barely misses you. The ball python grabs you.
The ball python constricts you.
The leopard gecko bites you but does no damage.
You escape the ball python's grasp.
You hit the ball python.
The ball python is moderately wounded.
The leopard gecko bites you but does no damage.
The ball python completely misses you. The ball python barely misses you.
You barely miss the leopard gecko.
The leopard gecko is moderately wounded.
The leopard gecko bites you but does no damage.
The ball python bites you.
You die...

###....# ##......#
###########.......## #
#...............P..# #
#............P♣....# #
#............PP...## ########
##..........(.....## ##.....#
#.................###
##.....######...@........÷.......
##.............Sl................
#......#.........>(..............
#................................
..##.######...>÷.....#........÷..
.....# #......................
...### #.#..........###.......
.#.# ##..#....................
...# #..##.......)............


You could see a leopard gecko and a ball python.

Vanquished Creatures
  3 leopard geckos
  A ball python (D:1)
  3 giant cockroaches
  2 goblins (D:1)
  2 hobgoblins
  6 jackals
  3 kobolds (D:1)
  7 bats
  2 frilled lizards (D:1)
  3 rats
32 creatures vanquished.

Notes
Turn   | Place    | Note
-------+----------+-------------------------------------------
     0 | D:1      | sagitran the Gnoll Wanderer began the quest for the Orb.
     0 | D:1      | sagitran set off with: a +2 hand crossbow, 26 bolts, a +0 mace, a potion of lignification, a +0 robe, a bread ration
     0 | D:1      | Reached XP level 1. HP: 18/18 MP: 1/1
    94 | D:1      | Reached XP level 2. HP: 20/24 MP: 2/2
   783 | D:1      | Reached XP level 3. HP: 28/30 MP: 3/3
  1198 | D:2      | Reached skill level 1 in Short Blades
  1269 | D:1      | HP: 1/30 [leopard gecko (2)]
  1274 | D:1      | Slain by a ball python

Vault maps used:
D:1:      ncdulo_smallfort, nrook_mini_vaults, serial_park_tiny_2

Skill      XL: |  1  2  3 |
---------------+----------+-----
Armour         | 4 |  4.3
Crossbows      | 2 |  2.4
Throwing       | 2 |  2.2
Fighting       | 4 |  4.0
Short Blades   | 1 |  1.4
Dodging        | |  0.9
Stealth        | |  0.4
Shields        | |  1.7
Ice Magic      | |  4.8

Action                   || total
-------------------------++-------
Melee: Mace              ||    16
       Dagger            ||   256
       Bite              ||    14
       Spear             ||     4
 Fire: Hand crossbow     ||    10
  Use: Scroll            ||     5
       Potion            ||     3
  Eat: Fruit             ||     2
Armor: Chain mail        ||   371
       Skin              ||     4
Dodge: Dodged            ||   107
